 Dungeon Crawl Stone Soup version 0.24.0-1-gfbc8707 (webtiles) character file.

Game seed: 14905415172600174524, levelgen mode: deterministic

588 Illumine the Vandal (level 7, -5/55 HPs)
             Began as a Centaur Ice Elementalist on Oct 26, 2019.
             Slain by an orc priest
             ... wielding a +0 morningstar
              (11 damage)
             ... on level 4 of the Dungeon.
             The game lasted 00:12:58 (4969 turns).

Illumine the Vandal (Centaur Ice Elementalist)      Turns: 4969, Time: 00:12:59

Health: -5/55      AC:  6    Str: 12    XL:     7   Next: 15%
Magic:  17/19      EV: 10    Int: 14    God:
Gold:   121        SH:  0    Dex: 10    Spells: 6/10 levels left

rFire    . . .     SeeInvis .   g - +0 hunting sling
rCold    . . .     Gourm    .   (no shield)
rNeg     . . .     Faith    .   a - +0 robe
rPois    .         Spirit   .   (no helmet)
rElec    .         Reflect  .   w - +0 cloak
rCorr    .         Harm     .   j - +0 pair of gloves
MR       .....                  (no barding)
Stlth    +.........             (no amulet)
HPRegen  0.18/turn              f - ring of magical power
MPRegen  0.16/turn              (no ring)

@: very slightly contaminated, very quick
A: large, hooves 3, deformed body, speed 2, tough skin 3
a: no special abilities


You were on level 4 of the Dungeon.
You were not hungry.

You visited 1 branch of the dungeon, and saw 5 of its levels.

You collected 121 gold pieces.

Inventory:

Hand Weapons
 g - a +0 hunting sling (weapon)
 t - a +0 quarterstaff
 x - a +0 shortbow
Missiles
 i - 59 stones (quivered)
 o - a throwing net
 u - 52 arrows
 v - 2 boomerangs
Armour
 a - a +0 robe (worn)
 j - a +0 pair of gloves (worn)
 w - a +0 cloak (worn)
Jewellery
 f - a ring of magical power (left hand)
Wands
 m - a wand of random effects (14)
Scrolls
 d - a scroll of blinking {unknown}
 k - 3 scrolls of teleportation {unknown}
 l - 8 scrolls of identify {unknown}
 n - a scroll of amnesia {unknown}
 p - 4 scrolls of remove curse {unknown}
 r - a scroll of enchant armour {unknown}
 s - a scroll of magic mapping {unknown}
 y - a scroll of brand weapon {unknown}
 z - a scroll of acquirement {unknown}
Potions
 b - a potion of lignification {unknown}
 e - a potion of brilliance {unknown}
 h - a potion of heal wounds {unknown}
 q - a potion of haste {unknown}
Comestibles
 c - 5 rations


   Skills:
 + Level 2.1 Fighting
 + Level 1.1 Staves
 - Level 5.8 Slings
 * Level 1.5 Bows
 - Level 2.1 Dodging
 - Level 1.1 Stealth
 - Level 2.1 Spellcasting
   Level 0.8 Conjurations
 + Level 1.9 Charms
 - Level 3.1 Ice Magic


You had 6 spell levels left.
You knew the following spells:

 Your Spells              Type           Power        Failure   Level  Hunger
a - Freeze                Ice            ##..         6%          1    ##.....
b - Ozocubu's Armour      Chrm/Ice       #.......     24%         3    ####...

Your spell library contained the following spells:

 Spells                   Type           Power        Failure   Level  Hunger
 Throw Frost              Conj/Ice       #.....       16%         2    ###....
 Animate Skeleton         Necr           N/A          24%         1    ##.....
 Pain                     Necr           #...         24%         1    ##.....
 Regeneration             Chrm/Necr      #.........   43%         3    ####...
 Vampiric Draining        Necr           #.........   56%         3    ####...
 Throw Icicle             Conj/Ice       #.......     71%         4    #####..
 Summon Ice Beast         Ice/Summ       #.......     77%         4    #####..
 Animate Dead             Necr           N/A          93%         4    #####..


Dungeon Overview and Level Annotations

Branches:
Dungeon (5/15)
 Temple: D:4-7

Altars:
Fedhas
Trog

Shops:
D:4 }

Annotations:
D:2 exclusion: oklob plant
D:3 Sigmund


Innate Abilities, Weirdness & Mutations

You have hooves in place of feet.
Armour fits poorly on your strangely shaped body.
You cover ground very quickly.
You have extremely tough skin. (AC +3)


Message History

Press: ? - help, Shift-Dir - straight line, f/p - orc priest
Aim: an orc priest, wielding a +0 morningstar and wearing a +0 ring mail (heavily wounded)
You shoot a stone. The stone hits the orc priest.
The orc priest is heavily wounded.
The orc priest calls down the wrath of Beogh upon you.
Pain shoots through your body!
* * * LOW HITPOINT WARNING * * *
Firing (i - inventory. (/) - cycle)
i - 61 stones (quivered)
Press: ? - help, Shift-Dir - straight line, f/p - orc priest
Aim: an orc priest, wielding a +0 morningstar and wearing a +0 ring mail (heavily wounded)
You shoot a stone.
The stone hits the orc priest but does no damage.
The orc priest is heavily wounded.
Firing (i - inventory. (/) - cycle)
i - 60 stones (quivered)
Press: ? - help, Shift-Dir - straight line, f/p - orc priest
Aim: an orc priest, wielding a +0 morningstar and wearing a +0 ring mail (heavily wounded)
You shoot a stone.
The stone closely misses the orc priest.
The orc priest hits you with a +0 morningstar!
You die...

#..# ##......
##.# ##..... #.##
##...... ##..#
#....... ##..##
##.)..... ##...#
###### ##........
#.##.## ###....##
#.........
####..#
##.......#
#.........
#..###....@o..#
#.........
#..#..........##
#.........
##.........(...#
##........
##..............#
#.......#
#...............#
##......#
#.#.#.#......)..#
#......#
#..........(>..##
#....#..
#.#.#.#.....(###
#######.
##...........##
#.


You could see an orc priest.

Vanquished Creatures
  A centaur (D:5)
  A scorpion (D:5)
  A howler monkey (D:3)
  An orc priest (D:4)
  A hound (D:4)
  2 orc wizards (D:4)
  A centaur skeleton (D:4)
  Natasha (twice) (D:2)
  2 worker ants (D:4)
  3 adders
  3 gnolls (D:2)
  3 oozes (D:2)
  2 worms (D:2)
  3 dart slugs
  2 leopard geckos
  18 orcs
  8 bats
  5 giant cockroaches
  3 goblins (D:1)
  11 hobgoblins
  4 jackals (D:4)
  4 quokkas
  A ball python skeleton (D:4)
  4 frilled lizards
  3 kobolds (D:1)
  A quokka skeleton (D:4)
  4 rats
94 creatures vanquished.

Notes
Turn   | Place    | Note
-------+----------+-------------------------------------------
     0 | D:1      | Illumine the Centaur Ice Elementalist began the quest for
                  | the Orb.
     0 | D:1      | Reached XP level 1. HP: 14/14 MP: 3/3
   315 | D:1      | Reached XP level 2. HP: 16/20 MP: 1/4
   928 | D:1      | Reached skill level 1 in Slings
  1136 | D:2      | Reached XP level 3. HP: 26/26 MP: 6/6
  1328 | D:2      | Reached skill level 2 in Slings
  1430 | D:2      | Noticed Natasha
  1447 | D:2      | Killed Natasha
  1447 | D:2      | Reached skill level 3 in Slings
  1447 | D:2      | Reached XP level 4. HP: 3/33 MP: 0/7
  1772 | D:2      | Found a blossoming altar of Fedhas.
  1790 | D:2      | Noticed an oklob plant
  1977 | D:2      | Reached skill level 4 in Slings
  2108 | D:2      | Noticed Natasha
  2118 | D:2      | Killed Natasha
  2118 | D:2      | Reached XP level 5. HP: 25/38 MP: 8/8
  2323 | D:2      | Learned a level 3 spell: Ozocubu's Armour
  2372 | D:2      | Found a bloodstained altar of Trog.
  3047 | D:3      | Noticed Sigmund
  3116 | D:4      | Reached skill level 5 in Slings
  3126 | D:4      | Reached skill level 1 in Fighting
  3352 | D:4      | Reached skill level 1 in Charms
  3352 | D:4      | Reached XP level 6. HP: 41/47 MP: 9/9
  3965 | D:4      | Found Jama Uzoiwk's Gadget Shop.
  4622 | D:5      | Entered Level 5 of the Dungeon
  4679 | D:5      | Reached skill level 1 in Staves
  4679 | D:5      | Reached skill level 1 in Bows
  4679 | D:5      | Reached XP level 7. HP: 29/55 MP: 10/10
  4969 | D:4      | Slain by an orc priest

Levels and vault maps discovered:
D:1:      dpeg_arrival_arbitrary_c, layout_basic,
          hangedman_abyss_or_decor_lesser_grid
D:2:      layout_basic, lightli_temple_of_fire, tgw_fedhas, uniq_natasha
D:3:      layout_loops_corners, uniq_sigmund
D:4:      layout_cave_pods, serial_shops, nicolae_shop_trees, serial_glass,
          glass_columns_a, glass_columns_b, glass_columns_b, glass_columns_b,
          minmay_strange_pillars, item_on_display_a, minmay_strange_pillars
D:5:      layout_rooms, minmay_temple_entry_sparse_star, first_ration,
          supply_closet_lemuel

Skill      XL: |  1  2  3  4  5  6 |
---------------+-------------------+-----
Ice Magic      | 3 |  3.1
Spellcasting   | 2 |  2.1
Slings         | 1 3 4 5 |  5.8
Fighting       | 1 2 |  2.1
Charms         | 1 |  1.9
Dodging        | 2 |  2.1
Staves         | 1 |  1.1
Bows           | 1 |  1.5
Stealth        | |  1.1
Conjurations   | |  0.8

Action                   |  1- 3 |  4- 6 |  7- 9 || total
-------------------------+-------+-------+-------++-------
Melee: Club              |     4 |       |       ||     4
       Kick              |     1 |     1 |       ||     2
       Quarterstaff      |       |     1 |       ||     1
 Fire: Hunting sling     |    71 |   173 |    17 ||   261
       Shortbow          |       |     3 |       ||     3
 Cast: Freeze            |    37 |    74 |     3 ||   114
       Ozocubu's Armour  |       |     1 |       ||     1
  Eat: Chunk             |     1 |     8 |       ||     9
       Ration            |       |     1 |       ||     1
Armor: Robe              |    12 |    19 |     1 ||    32
Dodge: Dodged            |    14 |    37 |     3 ||    54
